 Dungeon Crawl Stone Soup version 0.17.1-3-g152610e (webtiles) character file.

56819 Chiseanne the Unseen (level 14, -1/80 HPs)
             Began as a Spriggan Assassin on Feb 28, 2016.
             Was an Initiate of Gozag.
             Slain by an orc knight
             ... wielding a +0 battleaxe
              (28 damage)
             ... on level 4 of the Orcish Mines on Feb 29, 2016.
             The game lasted 02:02:05 (27780 turns).

Chiseanne the Unseen (Spriggan Assassin)           Turns: 27780, Time: 02:02:05

Health: -1/80      AC:  7    Str: 13    XL:     14   Next: 43%
Magic:  22/22      EV: 37    Int: 10    God:    Gozag
Gold:   262        SH:  0    Dex: 25    Spells: 0 memorised, 13 levels left

rFire  + . .     SeeInvis +     s - +5 lajatang (speed)
rCold  + . .     Rnd*Rage +     E - +2 robe {rC+ rF+}
rNeg   + . .     SustAt   .     (shield currently unavailable)
rPois  +         Gourm    .     (helmet restricted)
rElec  .         Spirit   .     X - +2 cloak {MR+}
rCorr  .         Warding  .     (gloves unavailable)
rMut   .         Stasis   .     (boots unavailable)
MR     +++++                    u - necklace of Bloodlust {*Rage +Rage MR+ Str+2 Int-2 Slay+3 *Curse} (curse)
Stlth  +++++++++.               L - ring "Vixo" {rN+ MR+}
                                c - ring of Toasaf {+Inv rPois Str+4 Slay+4 SInv}

@: exhausted, slowed, quick, almost entirely resistant to hostile enchantments,
incredibly stealthy
A: unfitting armour, see invisible, agile 1, herbivore 3, speed 3, slow
metabolism 2
a: Potion Petition, Call Merchant, Bribe Branch, Renounce Religion, Evoke
Berserk Rage, Evoke Invisibility


You were on level 4 of the Orcish Mines.
You worshipped Gozag.
Gozag was noncommittal.
You were full.

You visited 3 branches of the dungeon, and saw 20 of its levels.
You also visited: Labyrinth and Ice Cave.

You collected 6022 gold pieces.
You spent 3233 gold pieces at shops.
You paid 2527 gold pieces to Gozag.

Inventory:

Hand Weapons
 a - the +2 short sword "Tesoetyu" {pierce, Str+4}
   (You found it in a labyrinth)

   It inflicts extra damage upon your enemies.
   It affects your strength (+4).
 d - a +5 trident of protection
 s - a +5 lajatang of speed (weapon)
 w - a +0 blowgun
Missiles
 f - 3 curare-tipped needles
 H - 7 poisoned tomahawks (quivered)
 R - 58 poisoned needles
Armour
 E - a +2 robe of resistance (worn)
 X - a +2 cloak of magic resistance (worn)
Rods
 D - a +2 lightning rod (12/12)
   (You found it in a labyrinth)
Jewellery
 c - the ring of Toasaf (left hand) {+Inv rPois Str+4 Slay+4 SInv}
   (You bought it in a shop on level 1 of the Orcish Mines)

   [ring of see invisible]

   It affects your strength (+4).
   It affects your accuracy and damage with ranged weapons and melee attacks
   (+4).
   It protects you from poison.
   It lets you see invisible.
   It lets you turn invisible.
 j - an uncursed amulet of resist mutation
 u - the cursed necklace of Bloodlust (around neck) {*Rage +Rage MR+ Str+2 Int-2 Slay+3 *Curse}
   (You bought it in a shop on level 2 of the Orcish Mines)

   [amulet of rage]

   It affects your strength (+2).
   It affects your intelligence (-2).
   It affects your accuracy and damage with ranged weapons and melee attacks
   (+3).
   It affects your resistance to hostile enchantments.
   It lets you go berserk.
   It may make you go berserk in combat.
   It may re-curse itself when equipped.
   It has a curse placed upon it.
 B - a +4 ring of protection
 L - the ring "Vixo" (right hand) {rN+ MR+}
   (You bought it in a shop on level 10 of the Dungeon)

   [ring of protection from magic]

   It protects you from negative energy.
   It affects your resistance to hostile enchantments.
 N - the ring "Xelovaig" {rPois rC+ rN+ Int+3 Dex-5}
   (You found it in a labyrinth)

   [ring of positive energy]

   It affects your intelligence (+3).
   It affects your dexterity (-5).
   It protects you from cold.
   It protects you from poison.
   It protects you from negative energy.
Wands
 e - a wand of teleportation (4)
 k - a wand of confusion (22)
 n - a wand of paralysis (7)
 r - a wand of fireball (5)
 v - a wand of cold (5)
 C - a wand of teleportation (4)
 Q - a wand of confusion (9)
 V - a wand of fire (11)
 W - a wand of confusion (36)
Scrolls
 b - 2 scrolls of magic mapping
 i - 9 scrolls of teleportation
 l - 4 scrolls of recharging
 o - a scroll of identify
 x - 6 scrolls of remove curse
 z - a scroll of holy word
 I - a scroll of immolation
 K - a scroll of blinking
Potions
 h - 3 potions of curing
 m - 2 potions of flight
 p - a potion of cure mutation
 q - 2 potions of ambrosia
 A - a potion of cancellation
 F - 2 potions of lignification
 G - 3 potions of berserk rage
Miscellaneous
 t - a sack of spiders
Comestibles
 g - 11 bread rations
 J - 3 royal jellies
 O - 2 fruits


   Skills:
 - Level 12.2 Fighting
 - Level 10.0 Short Blades
 - Level 2.0 Throwing
 - Level 17.5 Dodging
 - Level 17.7 Stealth
 + Level 10.5 Evocations


You had 13 spell levels left.
You didn't know any spells.

Dungeon Overview and Level Annotations

Branches:
Dungeon (15/15)            Temple (1/1) D:7            Lair (0/8) D:8
    Orc (4/4) D:11            Elf (0/3) Orc:4        Depths (0/5) D:15
 Vaults: D:13-14

Altars:
Ashenzari
Cheibriados
Dithmenos
Elyvilon
Fedhas
Gozag
Kikubaaqudgha
Makhleb
Nemelex Xobeh
Okawaru
Qazlal
Ru
Sif Muna
Trog
Vehumet
Xom
Yredelemnul
Zin
The Shining One

Shops:
D:10 *=   D:15 =   Orc:1 =   Orc:2 [[:=   Orc:4 [!![%

Annotations:
D:4 HEYYEYAAE's ghost, novice SpTm
Orc:3 exclusion: upstairs


Innate Abilities, Weirdness & Mutations

You are tiny and cannot use many weapons and most armour.
You have supernaturally acute eyesight.
You are a herbivore.
You cover ground extremely quickly.
You need consume almost no food.
You are agile. (Dex +2)


Message History

The orc knight completely misses you.
Items here: $ )) [ 12 gold pieces; a dagger; a dagger; a glowing robe You barely miss the orc priest.
The orc priest is no longer distracted by gold.
The orc priest completely misses you. The orc knight completely misses you.
The orc priest is distracted by the nearby gold.
You catch the helpless orc priest momentarily off-guard.
You slash the orc priest!
The orc priest is no longer distracted by gold.
The orc priest is almost dead.
The orc priest completely misses you.
The orc knight roars a battlecry!
The orc priest goes into a battle-frenzy!
The orc knight hits you with a battleaxe!!
You slice the orc priest!!
You kill the orc priest!
The orc knight hits you with a battleaxe!!
You die...
Your body crumbles into a pile of gold.

######.###### #
###...........#** ##
##...####.####...**
#.
##..######.#####*,,**
##
#.o###...#.#...###,,*
#
#.##.....#.#.....##,*
#$#......#$#......#,*
#$$.o##..$o$..##....*
##$.##....@....#*,,#*
#..#...........#,,*
#.................*
#..##.........##..* #
##...##.....##...## #
*#∩.,.##.##.,.∩## #
###∩.,...,.∩*## #
###*###*###


You could see an orc knight.

Vanquished Creatures
  The ghost of Aarh the Covert, an adept HaAs of Okawaru (Orc:4)
  2 ghouls (D:15)
  Nessos (D:13)
  A minotaur (Lab)
  2 hydras
  Erica (Orc:1)
  2 tengu warriors
  3 orc high priests (Orc:4)
  Urug (Orc:1)
  Nergalle (Orc:2)
  A skeletal warrior (D:15)
  A giant orange brain (D:15)
  2 unseen horrors
  10 ugly things
  A salamander (shapeshifter) (D:13)
  A wolf spider zombie (D:15)
  5 hill giants
  4 orc knights
  4 orc sorcerers (Orc:4)
  A manticore (D:8)
  A shining eye (shapeshifter) (D:15)
  A cyclops (D:12)
  4 centaur zombies (D:15)
  Maurice (D:9)
  A black mamba (shapeshifter) (D:13)
  3 ice statues (IceCv)
  The ghost of dearth the Covert, a novice SpEn of Ashenzari (D:8)
  A yaktaur (shapeshifter) (D:15)
  5 yaktaurs (D:15)
  2 gargoyles
  8 trolls
  A merfolk (D:8)
  A queen bee (D:11)
  A tengu conjurer (D:13)
  A harpy zombie (D:15)
  5 two-headed ogres
  2 hornet zombies (D:15)
  5 slime creatures (D:15)
  A trapdoor spider zombie (D:14)
  3 deep elf magi
  Sigmund (D:6)
  4 shadows
  A wraith (D:15)
  3 wyverns
  A yak (shapeshifter) (D:15)
  Grum (D:11)
  3 wolves (D:11)
  16 yaks
  3 hungry ghosts
  A steam dragon (D:10)
  A basilisk (D:11)
  6 hippogriffs
  3 wargs (Orc:4)
  Duvessa (D:7)
  8 black bears
  8 ice beasts
  28 orc warriors
  An eye of draining (D:15)
  3 phantoms
  6 sky beasts
  11 ogres
  2 crocodiles
  7 big kobolds
  18 centaurs
  2 gnoll sergeants (D:8)
  14 giant frogs
  Dowan (D:7)
  5 wights (D:9)
  2 wyvern skeletons
  7 scorpions
  26 killer bees
  10 electric eels
  6 crimson imps
  A quasit (D:11)
  2 giant frog zombies
  4 hounds
  2 jellies
  35 orc wizards
  Crazy Yiuf (D:6)
  3 giant frog skeletons
  4 iguanas
  2 centaur skeletons
  29 orc priests
  7 worker ants
  3 gnoll shamans (D:8)
  A killer bee zombie (D:6)
  6 sheep (D:8)
  A mummy (D:15)
  A hound skeleton (D:5)
  2 worker ant zombies (D:6)
  13 gnolls
  7 adders
  3 shadow imps
  2 adder skeletons
  An adder zombie (D:9)
  5 worms
  144 orcs
  2 ball pythons
  5 giant cockroaches
  7 goblins
  7 hobgoblins
  18 jackals
  7 quokkas
  4 bats
  7 giant geckos
  2 giant gecko skeletons
  A giant newt (D:3)
  20 kobolds
  3 quokka skeletons
  4 rats
  A spectral orc (D:5)
  A bush (D:8)
  3 plants
674 creatures vanquished.

Vanquished Creatures (others)
  A giant frog (D:14)
  3 plants (D:8)
4 creatures vanquished.

Grand Total: 678 creatures vanquished

Notes
Turn   | Place    | Note
--------------------------------------------------------------
     0 | D:1      | Chiseanne the Spriggan Assassin began the quest for the Orb.
     0 | D:1      | Reached XP level 1. HP: 10/10 MP: 2/2
   195 | D:1      | Reached skill level 6 in Stealth
   734 | D:2      | Reached XP level 2. HP: 9/14 MP: 3/3
   938 | D:2      | Reached XP level 3. HP: 18/18 MP: 4/4
  1142 | D:2      | Reached skill level 7 in Stealth
  1147 | D:2      | Reached XP level 4. HP: 22/22 MP: 5/5
  2377 | D:3      | Reached XP level 5. HP: 25/25 MP: 6/6
  2563 | D:3      | Reached skill level 8 in Stealth
  2926 | D:3      | Reached skill level 5 in Dodging
  3064 | D:3      | Reached XP level 6. HP: 30/30 MP: 7/7
  3266 | D:4      | Noticed HEYYEYAAE's ghost (novice SpTm)
  3281 | D:4      | Found a burning altar of Makhleb.
  3284 | D:4      | Found a snail-covered altar of Cheibriados.
  3344 | D:4      | Found a shadowy altar of Dithmenos.
  3821 | D:4      | Reached skill level 9 in Stealth
  4318 | D:4      | Reached XP level 7. HP: 33/33 MP: 8/8
  4764 | D:5      | Entered Level 5 of the Dungeon
  4973 | D:5      | Reached skill level 10 in Stealth
  5160 | D:5      | Reached skill level 5 in Short Blades
  5379 | D:5      | Found a basalt altar of Yredelemnul.
  5702 | D:6      | Found a shimmering altar of Xom.
  5705 | D:6      | Noticed an angel
  5709 | D:6      | Found a glowing silver altar of Zin.
  5741 | D:6      | Reached XP level 8. HP: 37/37 MP: 9/9
  5807 | D:6      | Noticed Sigmund
  5811 | D:6      | Killed Sigmund
  5811 | D:6      | Reached skill level 11 in Stealth
  6326 | D:6      | Reached skill level 12 in Stealth
  6350 | D:6      | Reached skill level 10 in Dodging
  6412 | D:6      | Identified a scroll of acquirement
  6751 | D:6      | Noticed Crazy Yiuf
  6765 | D:6      | Killed Crazy Yiuf
  6903 | D:7      | Reached XP level 9. HP: 41/41 MP: 10/10
  6978 | D:7      | Noticed Duvessa
  6980 | D:7      | Noticed Dowan
  6986 | D:7      | Killed Duvessa
  7011 | D:7      | Killed Dowan
  7011 | D:7      | Reached skill level 13 in Stealth
  7187 | D:7      | Found a staircase to the Ecumenical Temple.
  7215 | Temple   | Entered the Ecumenical Temple
  7770 | D:8      | Reached skill level 14 in Stealth
  7944 | D:8      | Found a shimmering altar of Xom.
  8141 | D:8      | Noticed dearth's ghost (novice SpEn)
  8604 | D:8      | Found a staircase to the Lair.
  8930 | D:8      | Reached XP level 10. HP: 35/46 MP: 11/11
  9632 | D:8      | Reached skill level 15 in Stealth
 11267 | D:8      | Reached skill level 16 in Stealth
 11505 | D:8      | Killed dearth's ghost
 11740 | D:8      | Reached XP level 11. HP: 40/49 MP: 12/12
 11830 | D:8      | Noticed a manticore
 11835 | D:8      | Killed a manticore
 12034 | D:9      | Found a glowing golden altar of the Shining One.
 12377 | D:9      | Found an opulent altar of Gozag.
 12392 | D:9      | Became a worshipper of Gozag Ym Sagoz the Greedy
 12423 | D:9      | Noticed Maurice
 12498 | D:9      | Killed Maurice
 12498 | D:9      | Reached skill level 15 in Dodging
 12532 | D:9      | Identified the Almanac of Air
 12711 | D:9      | Reached skill level 17 in Stealth
 12829 | D:9      | Got a warped hand axe {pain}
 12832 | D:9      | Identified the +10 hand axe of Mayhem {pain, *Corrode rN++} (You took it off a wight on level 9 of the Dungeon)
 12960 | D:9      | Gained mutation: You are agile. (Dex +2) [potion of beneficial mutation]
 13070 | D:10     | Entered Level 10 of the Dungeon
 13073 | D:10     | Bought a glowing cloak for 108 gold pieces
 13088 | D:10     | Bought a potion of flight for 72 gold pieces
 13088 | D:10     | Bought a shiny copper wand for 96 gold pieces
 13088 | D:10     | Bought an emerald potion for 21 gold pieces
 13088 | D:10     | Bought a fizzy inky potion for 21 gold pieces
 13088 | D:10     | Bought a scroll of teleportation for 72 gold pieces
 13171 | D:10     | Found Houji's Jewellery Boutique.
 13187 | D:10     | Bought a cursed ring of loudness for 58 gold pieces
 13807 | D:10     | Noticed a hill giant
 13811 | D:10     | Killed a hill giant
 13927 | D:11     | Reached skill level 10 in Short Blades
 14209 | D:10     | Bought a hardcover book for 360 gold pieces
 14373 | D:11     | HP: 1/49 [electric eel/bolt of electricity (11)]
 14720 | D:11     | Noticed an unseen horror
 14764 | D:11     | Reached XP level 12. HP: 49/53 MP: 13/13
 14806 | D:11     | Killed an unseen horror
 15428 | D:11     | Noticed Grum
 15462 | D:11     | Killed Grum
 16006 | D:11     | Found a staircase to the Orcish Mines.
 16375 | D:10     | Bought the ring "Vixo" {rN+ MR+} for 470 gold pieces
 17004 | D:12     | Noticed a seven-headed hydra
 17012 | D:12     | Killed a seven-headed hydra
 17012 | D:12     | Reached skill level 5 in Fighting
 17840 | D:13     | Noticed Nessos
 17842 | D:13     | Killed Nessos
 18374 | D:13     | Noticed a vault guard
 18397 | D:13     | Noticed a vault guard
 18744 | D:14     | Noticed a five-headed hydra
 18764 | D:14     | Killed a five-headed hydra
 18764 | D:14     | Reached XP level 13. HP: 69/69 MP: 14/14
 19470 | D:14     | Found a shadowy altar of Dithmenos.
 19707 | D:15     | Entered Level 15 of the Dungeon
 19819 | D:15     | Noticed a ghoul
 19848 | D:15     | Killed a ghoul
 19899 | D:15     | Found a labyrinth entrance.
 19913 | Lab      | Entered a labyrinth
 20914 | Lab      | Got a brightly glowing iron ring
 20915 | Lab      | Got a crude short sword
 20916 | Lab      | Identified the cursed +2 short sword "Tesoetyu" {pierce, Str+4} (You found it in a labyrinth)
 20924 | Lab      | Identified the ring "Xelovaig" {rPois rC+ rN+ Int+3 Dex-5} (You found it in a labyrinth)
 20937 | D:15     | Reached skill level 10 in Fighting
 21030 | D:15     | Found a bloodstained altar of Trog.
 21065 | D:15     | Noticed a ghoul
 21072 | D:15     | Killed a ghoul
 22025 | D:15     | Found a blossoming altar of Fedhas.
 22126 | D:15     | Found a staircase to the Depths.
 22935 | Orc:1    | Entered Level 1 of the Orcish Mines
 22935 | Orc:1    | Found Heurewuk's Jewellery Emporium.
 22940 | Orc:1    | Noticed Urug
 22956 | Orc:1    | Killed Urug
 23200 | Orc:1    | Bought the ring of Toasaf {+Inv rPois Str+4 Slay+4 SInv} for 759 gold pieces
 23200 | Orc:1    | Bought a +1 ring of slaying for 78 gold pieces
 23252 | Orc:1    | Reached skill level 1 in Evocations
 23440 | Orc:1    | Noticed Erica
 23456 | Orc:1    | Killed Erica
 23796 | Orc:2    | Found Daobagh's Armour Shop.
 23855 | Orc:2    | Found Ihethac's Antique Armour Shoppe.
 23888 | Orc:2    | Found Riddopruarph's Book Emporium.
 23939 | Orc:2    | Noticed Nergalle
 23948 | Orc:2    | Killed Nergalle
 23948 | Orc:2    | Reached XP level 14. HP: 80/80 MP: 15/17
 24144 | Orc:2    | You fall through a shaft for 2 floors!
 24144 | Orc:4    | Entered Level 4 of the Orcish Mines
 24199 | Orc:4    | Noticed Aarh's ghost (adept HaAs)
 24264 | Orc:4    | Found a staircase to the Elven Halls.
 24281 | Orc:4    | Found a frozen archway.
 24285 | IceCv    | Entered an ice cave
 24407 | IceCv    | Reached skill level 5 in Evocations
 25103 | Orc:4    | Found Yfriatzi's Antique Armour Shoppe.
 25867 | Orc:2    | Found Hejitem's Jewellery Emporium.
 25892 | Orc:2    | Bought the cursed necklace of Bloodlust {*Rage +Rage MR+ Str+2 Int-2 Slay+3 *Curse} for 1021 gold pieces
 27046 | Orc:4    | Killed Aarh's ghost
 27459 | Orc:4    | Bought a slice of pizza for 19 gold pieces
 27459 | Orc:4    | Bought 4 fruits for 78 gold pieces
 27746 | Orc:4    | Found Iggije's Armour Shoppe.
 27749 | Orc:4    | Reached skill level 10 in Evocations
 27750 | Orc:4    | Found Fono's Distillery.
 27750 | Orc:4    | Found Neirel's Distillery.
 27780 | Orc:4    | Slain by an orc knight

Action                   |  1- 3 |  4- 6 |  7- 9 | 10-12 | 13-15 || total
-------------------------+-------+-------+-------+-------+-------++-------
Melee: Dagger            |    84 |   311 |   298 |   564 |    10 ||  1267
       Quarterstaff      |       |       |    20 |    53 |       ||    73
       Lajatang          |       |       |       |   498 |   786 ||  1284
       Short sword       |       |       |       |       |    76 ||    76
 Fire: Blowgun           |    12 |    46 |    48 |   143 |    19 ||   268
Throw: Tomahawk          |       |       |       |     4 |    10 ||    14
       Throwing net      |       |       |       |     2 |       ||     2
Invok: Call Merchant     |       |       |       |     1 |     2 ||     3
       Potion Petition   |       |       |       |       |     2 ||     2
 Abil: Evoke Invisibilit |       |       |       |       |     2 ||     2
Evoke: Wand              |       |       |       |    11 |     3 ||    14
  Use: Scroll            |     1 |     7 |     6 |    23 |     9 ||    46
       Potion            |       |       |       |     3 |     4 ||     7
 Stab: Sleeping          |     5 |    14 |    43 |    54 |    43 ||   159
       Distracted        |     1 |     4 |     3 |    19 |    21 ||    48
       Paralysed         |       |       |     3 |     1 |       ||     4
       Petrifying        |       |       |       |     1 |       ||     1
       Held in net/web   |       |       |       |     1 |       ||     1
       Confused          |       |       |       |     2 |       ||     2
       Invisible         |       |       |       |       |    11 ||    11
  Eat: Fruit             |       |     6 |       |    15 |     4 ||    25
       Royal jelly       |       |       |       |       |     6 ||     6
       Pizza             |       |       |       |       |     3 ||     3
